 Dungeon Crawl Stone Soup version 0.31-a0-219-g8d62b2e7bb (webtiles) character file.

Game seed: 3388912862101000304

141 qw the Shooter (level 5, 0/27 HPs)
             Began as a Gargoyle Hexslinger on July 3, 2023.
             Slain by an orc
             ... wielding a +0 dagger
              (3 damage)
             ... on level 4 of the Dungeon.
             The game lasted 00:00:56 (2270 turns).

qw the Shooter (Gargoyle Hexslinger)                Turns: 2270, Time: 00:00:56

Health: 0/27       AC:  7    Str: 11    XL:     5   Next: 24%
Magic:  5/5        EV: 10    Int: 12    God:
Gold:   143        SH:  0    Dex: 20    Spells: 5/6 levels left

rFire   . . .        Y - +1 sling
rCold   . . .        (no shield)
rNeg    + . .        h - +0 ring mail
rPois   inf          (no helmet)
rElec   +            d - +0 cloak
rCorr   .            (no gloves)
SInv    .            (no boots)
Will    .....        (no amulet)
Stlth   +            m - +6 ring of dexterity
HPRegen 0.24/turn    (no ring)
MPRegen 0.09/turn

%: no passive effects
@: no status effects
A: sickness immunity, AC +4, negative energy resistance 1, electricity
resistance, torment resistance 1, petrification resistance, deformed body, dopey
1, frail 1, low MP 1
a: no special abilities


You were on level 4 of the Dungeon.
You visited 1 branch of the dungeon, and saw 4 of its levels.

You collected 143 gold pieces.


Innate Abilities, Weirdness & Mutations

You are immune to sickness and miasma.
Your stone body is resilient. (AC +4)
You are immune to poison.
You resist negative energy. (rN+)
You are resistant to electric shocks. (rElec)
You are resistant to unholy torment.
You are immune to petrification.
Armour fits poorly on your strangely shaped body.
You are dopey. (Int -2)
You are frail. (-10% HP)
Your magical capacity is low. (-10% MP)


   Skills:
 - Level 2.0 Fighting
 + Level 4.7 Ranged Weapons
 - Level 1.4 Armour
 - Level 1.5 Dodging
 - Level 1.0 Spellcasting
 - Level 2.6 Hexes


You had 5 spell levels left.
You knew the following spells:

 Your Spells              Type           Power      Damage    Failure   Level
a - Slow                  Hex            28%        N/A       24%         1

Your spell library contained the following spells:

 Spells                   Type           Power      Damage    Failure   Level
 Inner Flame              Hex/Fire       3%         N/A       77%         3
 Portal Projectile        Hex/Tloc       6%         N/A       77%         3
 Cause Fear               Hex            3%         N/A       93%         4

Inventory:

Hand Weapons
 Y - a +1 sling (weapon)
Armour
 d - a +0 cloak (worn)
 h - a +0 ring mail (worn)
Jewellery
 m - a +6 ring of dexterity (left hand)
Scrolls
 a - a scroll of identify
Potions
 b - a potion of might {unknown}
 c - a potion of curing {unknown}
 f - a potion of invisibility {unknown}
 g - a potion of heal wounds {unknown}
 i - a potion of lignification {unknown}
 k - a potion of berserk rage {unknown}
 l - a potion of resistance {unknown}
 n - a potion of cancellation {unknown}

Dungeon Overview and Level Annotations

Branches:
Dungeon (4/15)             Temple (0/1) D:4

Altars:


Message History

The adder barely misses you. The orc hits you but does no damage. x2
The adder closely misses you. The orc hits you with a +0 dagger.
The orc completely misses you.
You shoot a sling bullet.
The sling bullet barely misses the adder.
The adder bites you. The orc hits you with a +0 dagger.
The orc hits you but does no damage. The adder barely misses you.
You shoot a sling bullet.
The sling bullet barely misses the adder.
The adder bites you but does no damage. The orc hits you but does no damage.
The orc barely misses you.
You shoot a sling bullet. The sling bullet misses the adder.
The adder bites you but does no damage. The orc hits you but does no damage.
The orc splashes around in the water.
The adder bites you but does no damage. The orc hits you with a +0 dagger.
The orc barely misses you.
You shoot a sling bullet. The sling bullet misses the adder.
The adder bites you but does no damage. The adder bites you.
The orc hits you but does no damage. The orc hits you with a +0 dagger.
You shoot a sling bullet.
The sling bullet barely misses the adder.
The adder bites you but does no damage. The orc barely misses you.
The orc splashes around in the water.
The adder bites you but does no damage.
You shoot a sling bullet.
The sling bullet barely misses the adder.
The orc hits you but does no damage. x2; The adder barely misses you.
You shoot a sling bullet.
The sling bullet barely misses the adder.
The adder bites you. The orc hits you but does no damage.
The orc closely misses you. The adder closely misses you.
The orc hits you but does no damage. x2
You shoot a sling bullet. The sling bullet hits the adder.
You kill the adder!
The orc closely misses you. x2
You shoot a sling bullet. The sling bullet hits the orc.
The orc is moderately wounded.
The orc splashes around in the water.
The orc hits you but does no damage.
You shoot a sling bullet.
The sling bullet closely misses the orc.
The orc hits you but does no damage. x2; The orc hits you with a +0 dagger. x2
You die...

#.#.#.# ......
..... ##
#...####
...###......
...).......
..¤~~.o.#.####
.~¤¤~~)@#....#
~~¤~¤¤o...<#
~¤~>~¤¤....#
~¤¤~¤~~....#
.~¤¤¤~.#...#
..¤~¤..##..#
...#... ...#
##.#.## ##.#
.. #.#


You could see 2 orcs.

Vanquished Creatures
  4 gnolls
  4 adders
  An ufetubus (D:2)
  2 worms
  4 orcs
  3 ball pythons (D:1)
  5 bats
  5 endoplasms (D:1)
  A giant cockroach (D:1)
  A hobgoblin (D:1)
  2 jackals (D:1)
  5 kobolds
  A quokka (D:1)
  4 frilled lizards
  6 goblins
  8 rats
56 creatures vanquished.

Notes
Turn   | Place    | Note
-------+----------+-------------------------------------------
     0 | D:1      | qw the Gargoyle Hexslinger began the quest for the Orb.
     0 | D:1      | Reached XP level 1. HP: 12/12 MP: 2/2
     0 | D:1      | 0 ||| qw: Version: 0.3-a-40-ge99b1a8
     0 | D:1      | 0 ||| qw: Game counter: 345
     0 | D:1      | 0 ||| qw: Melee chars always use a shield: true
     0 | D:1      | 0 ||| qw: God list: Okawaru
     0 | D:1      | 0 ||| qw: Allow faded altars: false
     0 | D:1      | 0 ||| qw: Do Orc after clearing Dungeon:15 true
     0 | D:1      | 0 ||| qw: Do second Lair branch before Depths: true
     0 | D:1      | 0 ||| qw: Lair rune preference: random
     0 | D:1      | 0 ||| qw: Goals: Normal
     0 | D:1      | 0 ||| PLANNING D:1-11
    77 | D:1      | Reached XP level 2. HP: 16/16 MP: 3/3
    90 | D:1      | Reached skill level 3 in Ranged Weapons
   351 | D:1      | Reached XP level 3. HP: 21/21 MP: 4/4
   614 | D:1      | 614 ||| UPGRADING to +0 cloak.
   619 | D:1      | 619 ||| UPGRADING to +0 ring mail.
   629 | D:1      | 629 ||| DROPPING +0 robe.
   630 | D:1      | 630 ||| UPGRADING to +6 ring of dexterity.
   631 | D:1      | 631 ||| READING scroll labelled YPYECL XURHA.
   632 | D:1      | 632 ||| READING scroll labelled WOUNUGENOE.
   636 | D:1      | 636 ||| READING 2 scrolls labelled AVIFOIFETI.
   637 | D:1      | 637 ||| DROPPING scroll of poison.
   638 | D:1      | 638 ||| DROPPING scroll of blinking.
   734 | D:2      | Reached skill level 1 in Armour
   837 | D:2      | Reached XP level 4. HP: 26/26 MP: 5/5
  1340 | D:2      | 1340 ||| DROPPING amulet of magic regeneration.
  1341 | D:2      | 1341 ||| READING scroll labelled POTYPHY FURICZIC.
  1342 | D:2      | 1342 ||| DRINKING 2 yellow potions.
  1342 | D:2      | Gained mutation: You do not regenerate when monsters are
                  | visible. [potion of mutation]
  1343 | D:2      | 1343 ||| DRINKING potion of mutation.
  1343 | D:2      | Lost mutation: You do not regenerate when monsters are
                  | visible. [potion of mutation]
  1343 | D:2      | Gained mutation: You have hidden genetic defects. [potion
                  | of mutation]
  1343 | D:2      | Gained mutation: You are dopey. (Int -2) [potion of
                  | mutation]
  1343 | D:2      | Gained mutation: Your magical capacity is low. (-10% MP)
                  | [potion of mutation]
  1388 | D:3      | 1388 ||| STAIRDANCE
  1469 | D:3      | Gained mutation: Armour fits poorly on your strangely
                  | shaped body. [hidden defects]
  1557 | D:3      | Reached skill level 4 in Ranged Weapons
  1557 | D:3      | HP: 4/26 [gnoll/+0 spear (5)]
  1558 | D:3      | 1558 ||| READING scroll of teleportation.
  1589 | D:3      | 1589 ||| FLEEEEING.
  1590 | D:3      | 1590 ||| FLEEEEING.
  1591 | D:3      | 1591 ||| STAIRDANCE
  1661 | D:3      | 1661 ||| STAIRDANCE
  1736 | D:3      | 1736 ||| STAIRDANCE
  1766 | D:2      | Gained mutation: You are frail. (-10% HP) [hidden defects]
  1766 | D:2      | Lost mutation: You have hidden genetic defects. [hidden
                  | defects expressed]
  1885 | D:3      | Reached XP level 5. HP: 27/27 MP: 5/5
  2207 | D:3      | 2207 ||| READING scroll labelled EXAMIMAUMI.
  2208 | D:3      | 2208 ||| DRINKING 2 inky potions.
  2209 | D:3      | 2209 ||| DROPPING potion of attraction.
  2239 | D:4      | Found a staircase to the Ecumenical Temple.
  2240 | D:4      | 2240 ||| PLANNING TEMPLE
  2240 | D:4      | 2240 ||| STAIRDANCE
  2264 | D:4      | HP: 6/27 [orc/+0 dagger (3)]
  2270 | D:4      | HP: 3/27 [orc/+0 dagger (3)]
  2270 | D:4      | Slain by an orc

Levels and vault maps discovered:
D:1:      wander_arrival_lonely_grave, layout_basic, dreamdust_princess_bridge,
          minmay_heptomino_h4
D:2:      layout_basic
D:3:      layout_basic, grunt_decor_cap, small_statue_intersection,
          kennysheep_nub, chequers_serial_rivers_small_b,
          nicolae_concentric_dashed_squares_mild, minmay_tree_intersection
D:4:      layout_basic, minmay_temple_entry_mist, minmay_misc_feat_square,
          minivault_23

Skill      XL: |  1  2  3  4 |
---------------+-------------+-----
Ranged Weapons | 3 4 |  4.7
Fighting       | 2 |  2.0
Armour         | 1 |  1.4
Dodging        | |  1.5
Spellcasting   | |  1.0
Hexes          | |  2.6

Action                     |  1- 3 |  4- 6 || total
---------------------------+-------+-------++-------
   Fire: Sling             |   116 |    93 ||   209
    Use: Scroll            |     3 |     3 ||     6
         Potion            |       |     3 ||     3
 Armour: Robe              |    12 |       ||    12
         Ring mail         |    11 |    46 ||    57
  Dodge: Dodged            |    38 |    31 ||    69

Table legend:
 A = Non-vault XP
 B = Vault XP
 C = Vault XP percentage of total XP
 D = Non-vault monster count
 E = Vault monster count
 F = Vault count percentage of total count
                 A         B        C        D         E       F
            +---------+---------+-------+---------+---------+-------
      Total |     201 |       1 |   0.5 |      55 |       1 |   1.8
            +---------+---------+-------+---------+---------+-------
        D:1 |      44 |       1 |   2.2 |      26 |       1 |   3.7
        D:2 |      66 |       0 |   0.0 |      15 |       0 |   0.0
        D:3 |      72 |       0 |   0.0 |      11 |       0 |   0.0
        D:4 |      19 |       0 |   0.0 |       3 |       0 |   0.0
            +---------+---------+-------+---------+---------+-------
